 Dungeon Crawl Stone Soup version 0.31-a0-716-gc7603755dd (webtiles) character file.

Game seed: 17786738434705684090

2994 Conn the Sneak (level 9, -2/58 HPs)
             Began as an Octopode Fire Elementalist on Sept 10, 2023.
             Was a Believer of Sif Muna.
             Shot with a sling bullet by Joseph (6 damage)
             ... on level 8 of the Dungeon.
             The game lasted 00:33:02 (7507 turns).

Conn the Sneak (Octopode Fire Elementalist)         Turns: 7507, Time: 00:33:04

Health: -2/58      AC:  1    Str: 13    XL:     9   Next: 83%
Magic:  18/26      EV: 15    Int: 22    God:    Sif Muna [**....]
Gold:   145        SH:  0    Dex: 18    Spells: 5/19 levels left

rFire   + . .        n - staff of fire
rCold   . . .        (no shield)
rNeg    . . .        (helmet restricted)
rPois   .            (no amulet)
rElec   .            c - ring of magical power
rCorr   .            x - +6 ring of dexterity
SInv    .            G - +6 ring of strength
Will    .....        (no ring)
Stlth   ++++         (no ring)
HPRegen 0.29/turn    (no ring)
MPRegen 0.20/turn    (no ring)
                     (no ring)

%: no passive effects
@: about to teleport, slowed, very slow
A: almost no armour, amphibious, 8 rings, camouflage 1, gelatinous body 1,
(nimble swimmer 1), tentacles
a: Renounce Religion, Channel Magic


You were on level 8 of the Dungeon.
You worshipped Sif Muna.
Sif Muna was pleased with you.
You visited 2 branches of the dungeon, and saw 9 of its levels.

You collected 343 gold pieces.
You spent 198 gold pieces at shops.

Inventory:

Hand Weapons
 d - a +0 dagger
 h - a +2 short sword of holy wrath
 v - a +1 short sword of speed
 A - the +8 quarterstaff of Fate {heavy, rN+}
   (You bought it in a shop on level 6 of the Dungeon)

   rN+:       It protects you from negative energy.
Armour
 y - a +0 buckler
Magical Staves
 n - a staff of fire (weapon)
Jewellery
 c - a ring of magical power (left tentacle)
 x - a +6 ring of dexterity (right tentacle)
 G - a +6 ring of strength (on tentacle)
Wands
 j - a wand of digging (5)
 t - a wand of flame (17)
 C - a wand of mindburst (30)
 E - a wand of roots (1)
 H - a wand of polymorph (15)
Scrolls
 b - a scroll of teleportation
 e - 2 scrolls of vulnerability {unknown}
 f - 3 scrolls of enchant armour {unknown}
 g - a scroll of fog {unknown}
 i - a scroll of poison {unknown}
 p - a scroll of brand weapon {unknown}
 q - 9 scrolls of identify {unknown}
 r - 2 scrolls of noise {unknown}
 s - 3 scrolls of revelation {unknown}
 F - a scroll of torment {unknown}
 I - a scroll of enchant weapon {unknown}
Potions
 a - a potion of magic
 k - 3 potions of attraction {unknown}
 l - 2 potions of enlightenment {unknown}
 m - 5 potions of curing {unknown}
 o - 2 potions of might {unknown}
 u - 3 potions of mutation {unknown}
 w - a potion of brilliance {unknown}
 z - 2 potions of haste {unknown}
 B - a potion of ambrosia {unknown}
 D - a potion of lignification {unknown}


   Skills:
 + Level 3.8 Fighting
 + Level 4.3 Dodging
 + Level 6.3 Stealth
 * Level 3.9 Shields
 * Level 5.6 Spellcasting
 * Level 5.7 Conjurations
 + Level 2.4 Summonings
 + Level 4.8 Fire Magic
 + Level 0.7 Earth Magic
 * Level 4.6 Invocations


You had 5 spell levels left.
You knew the following spells:

 Your Spells              Type           Power      Damage    Failure   Level
a - Foxfire               Conj/Fire      100%       2x1d9     1%          1
b - Scorch                Fire           82%        2d8       1%          2
c - Inner Flame           Hex/Fire       25%        N/A       11%         3
d - Flame Wave            Conj/Fire      44%        2d11      11%         4
e - Summon Small Mammal   Summ           64%        N/A       3%          1
f - Stone Arrow           Conj/Erth      40%        3d9       8%          3

Your spell library contained the following spells:

 Spells                   Type           Power      Damage    Failure   Level
 Sandblast                Erth           18%        2d7       7%          1
 Apportation              Tloc           12%        N/A       10%         1
 Necrotise                Necr           24%        1d5       10%         1
 Volatile Blastmotes      Fire/Tloc      50%        2d14      11%         3
 Passwall                 Tmut/Erth      5%         N/A       12%         2
 Ensorcelled Hibernation  Hex/Ice        12%        N/A       14%         2
 Jinxbite                 Hex            12%        N/A       14%         2
 Sublimation of Blood     Necr           6%         N/A       14%         2
 Wereblood                Tmut           6%         N/A       14%         2
 Anguish                  Hex/Necr       3%         N/A       67%         4
 Yara's Violent Unravell  Hex/Tmut       3%         3d4       95%         5
 Enfeeble                 Hex            3%         N/A       100%        7
 Summon Hydra             Summ           8%         N/A       100%        7


Dungeon Overview and Level Annotations

Branches:
Dungeon (8/15)             Temple (1/1) D:5
   Lair: D:8-11

Altars:
Ashenzari
Cheibriados
Dithmenos
Elyvilon
Fedhas
Gozag
Hepliaklqana
Kikubaaqudgha
Makhleb
Nemelex Xobeh
Okawaru
Qazlal
Ru
Sif Muna
Trog
Uskayaw
Vehumet
Wu Jian
Xom
Yredelemnul
Zin
The Shining One

Shops:
D:5 ?   D:6 (![

Annotations:
D:6 2 transporters
D:7 tensugalgo's ghost, novice MiBr
D:8 Joseph


Innate Abilities, Weirdness & Mutations

You cannot wear most types of armour.
You are amphibious.
You can wear up to eight rings at the same time.
Your skin changes colour to match your surroundings (Stealth+).
Your rubbery body absorbs attacks. (AC +1, EV +1)
((You are camouflaged when in or above water. (Stealth+)))
You have tentacles for arms and can constrict up to eight enemies at once.


Message History

Okay, then.
Unknown command.
Okay, then.
Unknown command.
Aiming: Polymorph
Press: ? - help, Shift-Dir - straight line, f - Joseph
Aim: Joseph, wielding a +0 sling and wearing a +2 ring mail of cold resistance (will become a salamander, a black bear, or a hog, chance to affect: 31%)
Okay, then.
Unknown command.
Okay, then.
Unknown command.
As you read the scroll of teleportation, it crumbles to dust.
You feel strangely unstable.
Joseph shoots a sling bullet.
The sling bullet hits you!
* * * LOW HITPOINT WARNING * * *
Joseph shoots a sling bullet.
The sling bullet hits you!
* * * LOW HITPOINT WARNING * * *
Unknown command.
Unknown command.
Unknown command.
Unknown command.
Unknown command.
Casting: Flame Wave (dangerous; 11% risk of failure)
Confirm with . or Enter, or press ? or * to list all spells.
You feel a surge of power!
You conjure some foxfire!
Casting: Foxfire (safe; 1% risk of failure)
Confirm with . or Enter, or press ? or * to list all spells.
Aiming: Inner Flame (dangerous; 11% risk of failure)
Press: ? - help, Dir - move target, f - Joseph
Aim: Joseph, wielding a +0 sling and wearing a +2 ring mail of cold resistance (ally target)
Okay, then.
Unknown command.
Casting: Inner Flame (dangerous; 11% risk of failure)
Confirm with . or Enter, or press ? or * to list all spells.
You feel a surge of power!
You conjure some foxfire!
The foxfire hits Joseph.
Joseph is lightly wounded.
The foxfire hits Joseph but does no damage.
Joseph is lightly wounded.
Joseph shoots a sling bullet.
The sling bullet hits you.
You die...

##≈≈...##### #..
##≈≈...## #.. §
#≈≈...≈≈## #..
§. #≈...≈§§§#
... #..
#≈..#≈≈≈≈≈# .. #
#@≈##≈.###≈≈§≈§#
# #.≈§§≈.#
##≈≈≈≈P#
#..§≈§v# #≈≈PP#
#...§§@# #PP)# #
##.).v## ####
##.# #.#.. ...#
.....# ##.#
#.#### ..K# #.
.#). ## #


You could see Joseph (ally target).

Vanquished Creatures
  Jeremiah (D:6)
  A wyvern (D:8)
  4 black bears
  2 orc warriors
  An ice beast (D:6)
  A phantom (D:7)
  A kobold brigand (D:8)
  3 bullfrogs
  3 gnoll sergeants (D:7)
  3 scorpions
  8 howler monkeys
  2 jellies
  5 hounds
  2 gnoll boudas
  Ijyb (D:4)
  5 iguanas
  A sleepcap (D:5)
  An orc wizard (D:6)
  Robin (D:4)
  21 gnolls
  8 adders
  A shadow imp (D:6)
  A white imp (D:6)
  5 ufetubi
  3 dart slugs
  16 orcs
  8 ball pythons
  9 bats
  8 endoplasms
  2 giant cockroaches
  9 goblins
  5 hobgoblins
  9 kobolds
  2 quokkas
  5 frilled lizards
  5 rats
163 creatures vanquished.

Vanquished Creatures (collateral kills)
  4 foxfires (D:3)
4 creatures vanquished.

Vanquished Creatures (others)
  336 foxfires
336 creatures vanquished.

Grand Total: 503 creatures vanquished

Notes
Turn   | Place    | Note
-------+----------+-------------------------------------------
     0 | D:1      | Conn the Octopode Fire Elementalist began the quest for the
                  | Orb.
     0 | D:1      | Reached XP level 1. HP: 11/11 MP: 3/3
   107 | D:1      | Reached XP level 2. HP: 17/17 MP: 1/5
   120 | D:1      | Reached skill level 3 in Stealth
   411 | D:1      | Learned a level 2 spell: Scorch
   648 | D:1      | Reached XP level 3. HP: 17/21 MP: 6/6
   723 | D:1      | Learned a level 3 spell: Inner Flame
  1568 | D:2      | Reached XP level 4. HP: 27/27 MP: 7/7
  2026 | D:3      | Reached XP level 5. HP: 32/32 MP: 9/9
  2079 | D:3      | Reached skill level 1 in Fighting
  2150 | D:3      | Found an ancient bone altar of Kikubaaqudgha.
  2895 | D:4      | Noticed Robin
  2895 | D:4      | Noticed Ijyb
  2898 | D:4      | Killed Ijyb
  2899 | D:4      | Reached skill level 4 in Stealth
  2907 | D:4      | Killed Robin
  3057 | D:4      | Reached XP level 6. HP: 35/38 MP: 10/10
  4024 | D:5      | Entered Level 5 of the Dungeon
  4044 | D:5      | Reached XP level 7. HP: 45/45 MP: 6/12
  4207 | D:5      | Found a staircase to the Ecumenical Temple.
  4216 | Temple   | Entered the Ecumenical Temple
  4230 | Temple   | Became a worshipper of Sif Muna the Loreminder
  4499 | D:5      | Found Ryg Gitwe's Magic Scroll Shop.
  4522 | D:5      | Learned a level 4 spell: Flame Wave
  4524 | D:5      | Learned a level 1 spell: Summon Small Mammal
  4558 | D:5      | Reached skill level 1 in Invocations
  5084 | D:6      | Noticed Jeremiah
  5234 | D:6      | Found Ymiogeag's Antique Weapon Emporium.
  5242 | D:6      | Bought a translucent quarterstaff for 198 gold pieces
  5242 | D:6      | Identified the +8 quarterstaff of Fate {heavy, rN+} (You
                  | bought it in a shop on level 6 of the Dungeon)
  5268 | D:6      | Found a transporter.
  5270 | D:6      | Noticed a kobold demonologist
  5277 | D:6      | Noticed a kobold demonologist
  5283 | D:6      | Found a transporter.
  5293 | D:6      | Reached skill level 5 in Stealth
  5313 | D:6      | Reached skill level 1 in Shields
  5313 | D:6      | Reached XP level 8. HP: 41/51 MP: 9/14
  5338 | D:6      | Reached * piety under Sif Muna
  5520 | D:6      | Found Kuwywk's Armour Emporium.
  5523 | D:6      | Reached skill level 1 in Summonings
  5600 | D:6      | HP: 1/51 [orc warrior/bolt (24)]
  5804 | D:6      | Killed Jeremiah
  6051 | D:6      | Found Ufuodyak's Distillery.
  6289 | D:7      | Reached skill level 5 in Conjurations
  6289 | D:7      | Reached XP level 9. HP: 57/57 MP: 16/16
  6297 | D:7      | Reached skill level 5 in Spellcasting
  6772 | D:7      | Found a transporter.
  6778 | D:7      | Noticed tensugalgo's ghost (novice MiBr)
  6780 | D:7      | Identified the +3 trident "Arcanum" {venom, rF++ Str+3
                  | Int+2}
  6780 | D:7      | Identified the +2 kite shield of Benevolence {-Tele rElec
                  | Dex+5}
  6819 | D:7      | Found a transporter.
  6852 | D:7      | Identified the ring "Ridir" {Fire Dex+6 SInv}
  6856 | D:7      | Reached ** piety under Sif Muna
  6862 | D:7      | Reached skill level 6 in Stealth
  7099 | D:7      | Learned a level 3 spell: Stone Arrow
  7421 | D:8      | Identified the +8 rapier "Viraeviz" {antimagic, rF- rC+
                  | Dex+4}
  7500 | D:8      | Noticed Joseph
  7507 | D:8      | Shot with a sling bullet by Joseph

Illustrated notes

Levels and vault maps discovered:
D:1:      dpeg_arrival_line_fractal, layout_loops_cross
D:2:      layout_basic, chequers_serial_rivers_room_a, minmay_tromino_i4
D:3:      layout_basic, kiku_gazebo_garden_becter, minmay_circle_x
D:4:      layout_basic, nicolae_goblin_pals
D:5:      layout_layer_cave, minmay_temple_entry_slanted, serial_shops, shop
D:6:      gammafunk_wand_slinger, layout_rooms, serial_shops, shop,
          nicolae_stop_n_shop_1, nicolae_shop_real_fake_doors, uniq_jeremiah
D:7:      layout_loops_cross, gammafunk_ghost_gnarly_gnolls
D:8:      minmay_weird_star, layout_loops_ring, minmay_lair_entry_grove,
          serial_shops, nicolae_shop_waterfront, serial_bayou_lake_a,
          uniq_joseph
Temple:   compressed_dpeg_triangle_lava_temple

Skill      XL: |  1  2  3  4  5  6  7  8  9 |
---------------+----------------------------+-----
Stealth        | 3 4 5 6 |  6.3
Conjurations   | 2 3 4 5 |  5.7
Fighting       | 1 2 3 |  3.8
Spellcasting   | 3 4 5 |  5.6
Dodging        | 3 4 |  4.3
Fire Magic     | 4 |  4.8
Invocations    | 1 3 4 |  4.6
Shields        | 1 2 3 |  3.9
Summonings     | 1 2 |  2.4
Earth Magic    | |  0.7

Action                     |  1- 3 |  4- 6 |  7- 9 || total
---------------------------+-------+-------+-------++-------
  Melee: Dagger            |    14 |       |       ||    14
         Constrict         |     6 |     4 |     4 ||    14
         Tentacles         |     2 |     5 |     3 ||    10
         Short sword       |     7 |       |       ||     7
         Staff             |       |    18 |     9 ||    27
   Cast: Foxfire           |    44 |    56 |   105 ||   205
         Scorch            |     1 |    34 |    40 ||    75
         Inner Flame       |       |     1 |     8 ||     9
         Flame Wave        |       |       |     8 ||     8
         Summon Small Mamm |       |       |     5 ||     5
 Invoke: Channel Magic     |       |       |     1 ||     1
  Evoke: Wand              |       |       |     2 ||     2
    Use: Potion            |       |       |     5 ||     5
         Scroll            |       |       |     2 ||     2
   Stab: Sleeping          |     6 |     2 |     1 ||     9
 Armour: Skin              |    19 |    15 |    51 ||    85
  Dodge: Dodged            |    21 |    25 |    55 ||   101

Table legend: (Time is in decaauts)
 A = Elapsed time spent in this place.
 B = Non-inter-level travel time spent in this place.
 C = Inter-level travel time spent in this place.
 D = Time resting spent in this place.
 E = Time spent auto-exploring this place.
 F = Levels seen in this place.
 G = Mean time per level.
                   A        B        C        D        E       F      G
               +--------+--------+--------+--------+--------+-----+--------+
         Total |   7514 |   7356 |    158 |    408 |   4822 |   9 |  834.9 |
       Dungeon |   7484 |   7326 |    158 |    408 |   4822 |   8 |  935.5 |
        Temple |     30 |     30 |      0 |      0 |      0 |   1 |   30.0 |
               +--------+--------+--------+--------+--------+-----+--------+

Top non-repeatable levels by time:
     D:5: 1318 daAuts
     D:4: 1145 daAuts
     D:1: 1102 daAuts
     D:7: 1085 daAuts
     D:3: 1053 daAuts
     D:6: 882 daAuts
     D:2: 723 daAuts
     D:8: 173 daAuts
  Temple: 30 daAuts
